 Dungeon Crawl Stone Soup version 0.20.0-9-g8272e65 (webtiles) character file.

605 Mysteryquy the Shield-Bearer (level 7, -3/44 HPs)
             Began as a Gargoyle Fighter on June 3, 2017.
             Killed from afar by Blork the orc (6 damage)
             ... with a puff of flame
             ... on level 3 of the Dungeon.
             The game lasted 00:05:08 (3196 turns).

Mysteryquy the Shield-Bearer (Gargoyle Fighter)     Turns: 3196, Time: 00:05:08

Health: -3/44      AC: 14    Str: 21    XL:     7   Next: 42%
Magic:  7/7        EV:  8    Int:  9    God:
Gold:   53         SH: 10    Dex:  9    Spells: 6/6 levels left

rFire    . . .     SeeInvis .   a - +0 flail
rCold    . . .     Gourm    +   c - +0 shield
rNeg     + . .     Faith    .   b - +0 scale mail
rPois    ∞         Spirit   .   (no helmet)
rElec    +         Reflect  .   r - +0 cloak
rCorr    .         Harm     .   (no gloves)
MR       .....                  p - +0 pair of boots
Stlth    ..........             q - amulet of the gourmand
Regen    0.2/turn               (no ring)
MPRegen  0.1/turn               (no ring)

@: no status effects
A: negative energy resistance 1, electricity resistance, unbreathing,
petrification resistance, rot immunity, AC +4
a: no special abilities


You were on level 3 of the Dungeon.
You were not hungry.

You visited 1 branch of the dungeon, and saw 5 of its levels.

You collected 53 gold pieces.

Inventory:

Hand Weapons
 a - a +0 flail (weapon)
Armour
 b - a +0 scale mail (worn)
 c - a +0 shield (worn)
 p - a +0 pair of boots (worn)
 r - a +0 cloak (worn)
Jewellery
 q - an amulet of the gourmand (around neck)
Scrolls
 e - 4 scrolls of identify {unknown}
 g - a scroll of enchant weapon {unknown}
 h - a scroll of immolation {unknown}
 i - 2 scrolls of amnesia {unknown}
 j - a scroll of fog {unknown}
 k - 3 scrolls of teleportation {unknown}
 n - 2 scrolls of blinking {unknown}
 s - a scroll of magic mapping {unknown}
 u - a scroll of noise {unknown}
Potions
 d - a potion of might
 l - a potion of heal wounds {unknown}
 m - 4 potions of curing {unknown}
 o - a potion of lignification {unknown}
 v - a potion of berserk rage {unknown}
Comestibles
 f - 5 bread rations
 t - a meat ration


   Skills:
 + Level 4.5 Fighting
 + Level 4.9 Maces & Flails
 + Level 4.4 Armour
 + Level 1.9 Dodging
 + Level 0.2 Stealth
 + Level 5.3 Shields


You had 6 spell levels left.
You didn't know any spells.

Dungeon Overview and Level Annotations

Branches:
Dungeon (5/15)
 Temple: D:4-7

Altars:

Annotations:
D:3 Blork the orc


Innate Abilities, Weirdness & Mutations

You are resistant to torment.
Your stone body is resilient. (AC +4)
You are immune to poison.
You resist negative energy. (rN+)
You are resistant to electric shocks. (rElec)
You can survive without breathing.
You are immune to petrification.
You are immune to rotting.


Message History

Blork the orc hits you but does no damage.
You block Blork the orc's attack.
You hit Blork the orc.
Blork the orc is severely wounded.
Blork the orc hits you but does no damage.
You thump Blork the orc!
Blork the orc is almost dead.
Blork the orc closely misses you. Blork the orc misses you.
You closely miss Blork the orc.
Blork the orc is almost dead.
Blork the orc looks braver for a moment.
Blork the orc casts a spell at you. The puff of flame hits you!
* * * LOW HITPOINT WARNING * * *
You hit Blork the orc but do no damage.
Blork the orc is almost dead.
Blork the orc closely misses you. Blork the orc casts a spell at you.
The puff of flame hits you!
You die...

### ######## #.#### .......#
#....# ######.# #.##.# #.# #)##.#
######.### #.##.#######
.........#############.##.#....>.
######.........o@......(..'......
..######.#############.##.#......
...................##..##.#......
............#'''#......#.........
..######.#..#...##.##..#..#.###..
..# #.#.##♣.♣##'##..#.........
..# #.#.##♣.♣#...#..#####.##..
..######.#..#♣.♣#...#............
............#♣.♣#...#.######.#...


You could see Blork the orc.

Vanquished Creatures
  Sigmund (D:2)
  An ogre (D:4)
  A scorpion (D:3)
  Crazy Yiuf (D:2)
  An orc priest (D:4)
  A bullfrog skeleton (D:4)
  3 worker ants (D:4)
  6 adders
  2 worms
  3 dart slugs
  A leopard gecko (D:3)
  3 orcs (D:4)
  6 bats
  3 giant cockroaches
  11 goblins
  10 hobgoblins
  12 jackals
  7 kobolds
  6 frilled lizards
  A jackal skeleton (D:4)
  8 rats
88 creatures vanquished.

Notes
Turn   | Place    | Note
-------+----------+-------------------------------------------
     0 | D:1      | Mysteryquy the Gargoyle Fighter began the quest for the Orb.
     0 | D:1      | Reached XP level 1. HP: 14/14 MP: 1/1
    96 | D:1      | Reached XP level 2. HP: 8/19 MP: 2/2
   527 | D:1      | Reached XP level 3. HP: 15/23 MP: 3/3
   717 | D:2      | Noticed Sigmund
   741 | D:2      | Killed Sigmund
   741 | D:2      | Reached skill level 1 in Dodging
   741 | D:2      | Reached skill level 4 in Shields
   741 | D:2      | Reached XP level 4. HP: 9/29 MP: 4/4
   741 | D:2      | Reached XP level 5. HP: 11/33 MP: 5/5
  1123 | D:2      | Reached XP level 6. HP: 30/38 MP: 6/6
  1246 | D:2      | Found a runed door.
  1323 | D:2      | Noticed Crazy Yiuf
  1328 | D:2      | Killed Crazy Yiuf
  2285 | D:3      | Reached skill level 5 in Shields
  2654 | D:4      | Reached XP level 7. HP: 4/44 MP: 7/7
  2657 | D:5      | Entered Level 5 of the Dungeon
  3115 | D:4      | Noticed Blork the orc
  3196 | D:3      | Killed from afar by Blork the orc

Skill      XL: |  1  2  3  4  5  6 |
---------------+-------------------+-----
Fighting       | 4 |  4.5
Maces & Flails | 3 4 |  4.9
Armour         | 4 |  4.4
Dodging        | 1 |  1.9
Shields        | 4 5 |  5.3
Stealth        | |  0.2

Action                   |  1- 3 |  4- 6 |  7- 9 || total
-------------------------+-------+-------+-------++-------
Melee: Flail             |   101 |   242 |    68 ||   411
  Eat: Chunk             |       |     7 |     2 ||     9
Armor: Scale mail        |    48 |   123 |    43 ||   214
Dodge: Dodged            |    31 |    94 |    25 ||   150
Block: Shield            |    48 |   154 |    43 ||   245
